Map: Abyssal Reef LE

Players

SHreddedWInd

  • Race: Protoss Protoss
  • League: Diamond
  • Spawn Location: 5:00

printf - Winner!

  • Race: Protoss Protoss
  • League: Master
  • Spawn Location: 11:00

VOD

Have the link to the VOD?

Description

Time

  • Played on: Sept. 23, 2017, 7:15 p.m.
  • Length: 2:03
Show
View Real Time Build Order
Export as new Build Order

SHreddedWInd Protoss 

Build Orders:  

Get SALT Encoding   

  12  0:01  Probe (Chrono Boost)  
  13  0:12  Probe (Chrono Boost)  
  14  0:19  Pylon  
  14  0:23  Probe (Chrono Boost)  
  15  0:37  Gateway, Probe (Chrono Boost)  
  16  0:47  Probe (Chrono Boost)  
  17  0:58  Probe (Chrono Boost)  
  17  1:03  Assimilator  
  18  1:08  Probe (Chrono Boost)  
  19  1:24  Zealot  
  20  1:30  Cybernetics Core  
Show
View Real Time Build Order
Export as new Build Order

printf Protoss - Winner!

Build Orders:  

Get SALT Encoding   

  12  0:00  Probe (Chrono Boost)  
  13  0:11  Probe (Chrono Boost)  
  14  0:18  Pylon  
  14  0:22  Probe (Chrono Boost)  
  15  0:36  Probe (Chrono Boost)  
  15  0:40  Forge  
  16  0:52  Pylon  
  16  1:14  Pylon  
  16  1:16  Pylon  
  16  1:17  Pylon  
  16  1:18  Pylon  
  16  1:33  Photon Cannon  
  16  1:37  Pylon, Gateway  
  16  1:40  Photon Cannon  
  16  1:43  Pylon  
  16  1:53  Pylon  
Tags
 
Matchup
PvP
Replay Pack
Pack 1
Spawn Locations
Cross Positions
Add a new tag
Caveats
  • Supply blocks, unpowered buildings, or Contaminate may cause inaccurate times.
  • Supply counts are checked every 10 seconds.